Map: Lerilak Crest

Players

Pendergast - Winner!

  • Race: Terran Terran
  • League: Gold

capac

  • Race: Terran Terran
  • League: Gold

VOD

Have the link to the VOD?

Description

Time

  • Played on: March 5, 2016, 3:34 p.m.
  • Length: 24:14
Show
View Real Time Build Order
Export as new Build Order

Pendergast Terran - Winner!

Build Orders:  

Get SALT Encoding   

  12  0:01  SCV  
  13  0:14  SCV  
  14  0:18  Supply Depot  
  14  0:26  SCV  
  15  0:40  SCV  
  16  0:43  Barracks  
  16  0:46  Refinery  
  16  0:52  SCV  
  17  1:04  SCV  
  18  1:16  SCV  
  19  1:30  Marine, Orbital Command  
  19  1:31  Supply Depot  
  20  1:47  Marine  
  20  1:51  Factory  
  21  1:59  SCV  
  22  2:11  SCV  
  22  2:14  Marine  
  24  2:23  SCV  
  24  2:30  Refinery  
  24  2:35  SCV  
  24  2:36  Factory Tech Lab  
  25  2:40  Barracks Reactor  
  25  2:49  Supply Depot  
  25  2:51  SCV  
  26  2:52  Command Center  
  26  2:55  Starport  
  26  3:03  SCV  
  27  3:15  SCV  
  28  3:20  Marine  
  28  3:21  Marine  
  28  3:22  Siege Tank  
  33  3:28  SCV  
  34  3:37  Engineering Bay  
  34  3:40  Barracks  
  34  3:41  Marine x2  
  34  3:46  Medivac  
  34  3:48  SCV  
  39  4:03  Supply Depot  
  39  4:05  Marine x2  
  39  4:07  Orbital Command  
  41  4:13  SCV  
  42  4:18  Medivac  
  42  4:24  Siege Tank  
  47  4:36  Orbital Command  
  47  4:40  Missile Turret  
  47  4:44  Barracks Tech Lab  
  47  4:46  Marine x2  
  47  4:51  Starport Reactor  
  48  4:58  Siege Tank  
  51  5:11  Marine x2  
  51  5:12  Marine  
  51  5:13  SCV x2  
  56  5:19  Terran Infantry Weapons Level 1  
  56  5:30  SCV x2  
  58  5:37  Refinery  
  58  5:38  Refinery, Stimpack  
  58  5:42  SCV  
  58  5:43  SCV  
  58  5:46  Supply Depot  
  58  5:49  Supply Depot  
  52  5:55  SCV  
  53  6:09  SCV x2, Sensor Tower  
  55  6:21  Marine x3, SCV x2  
  60  6:26  Siege Tank  
  63  6:33  SCV x2  
  63  6:37  Barracks  
  63  6:39  Barracks, Marine  
  66  6:45  SCV x2  
  68  6:47  Medivac  
  68  6:48  Medivac  
  68  6:54  Marine x2  
  74  7:02  Armory  
  74  7:05  Supply Depot  
  74  7:06  Siege Tank  
  77  7:14  Marine  
  78  7:26  Marine x2, SCV x2  
  78  7:27  Supply Depot  
  82  7:36  Missile Turret  
  82  7:37  Terran Infantry Armor Level 1, Sensor Tower  
  81  7:45  SCV x2  
  81  7:48  Barracks Reactor x2  
  81  7:49  Marine x3  
  81  7:51  Supply Depot  
  86  7:52  Terran Vehicle Weapons Level 1  
  86  7:54  Siege Tank  
  86  7:56  Supply Depot  
  89  8:03  Sensor Tower  
  89  8:13  SCV x2  
  89  8:15  Marine x3  
  94  8:20  Command Center  
  94  8:21  Refinery  
  94  8:26  Refinery, Siege Tank  
  97  8:37  SCV x2  
  97  8:39  Factory, Marine x2  
  97  8:40  Marine  
  102  8:50  Starport  
  102  8:57  Viking x2  
  106  9:04  Marine  
  106  9:05  Marine x3  
  110  9:15  Supply Depot  
  110  9:17  Supply Depot  
  110  9:28  Factory Tech Lab  
  110  9:32  Marine x3, Siege Tank  
  110  9:37  Viking, Starport Reactor  
  110  9:38  Viking  
  120  9:44  Marine  
  121  9:59  Orbital Command  
  111  10:03  Missile Turret  
  111  10:04  Siege Tank  
  111  10:05  SCV x2  
  116  10:07  Terran Vehicle And Ship Armor Level 1  
  116  10:12  Missile Turret  
  116  10:13  Terran Infantry Weapons Level 2  
  116  10:17  SCV x2  
  118  10:32  Barracks  
  118  10:33  Siege Tank  
  121  10:39  Barracks  
  121  10:44  Marine x2  
  123  10:50  SCV x2  
  125  10:59  Supply Depot x2  
  125  11:01  Marine x4  
  125  11:02  Marine  
  130  11:05  Siege Tank  
  130  11:06  Viking x2  
  130  11:07  Medivac x2  
  141  11:16  Missile Turret  
  141  11:17  Missile Turret  
  141  11:19  Missile Turret  
  141  11:22  Barracks Tech Lab  
  141  11:23  Marine x3  
  141  11:24  Marine x3  
  141  11:25  Marine  
  148  11:29  Barracks Reactor  
  148  11:38  Barracks  
  148  11:41  Viking, Barracks, Marine x3, Medivac x2  
  157  11:49  Supply Depot  
  157  11:52  Supply Depot  
  157  12:01  Terran Ship Weapons Level 1  
  157  12:05  Armory  
  157  12:10  Viking  
  157  12:11  Siege Tank x2  
  157  12:14  Supply Depot  
  165  12:17  Medivac x2  
  165  12:18  Marine x4  
  165  12:21  Combat Shields  
  173  12:28  Terran Infantry Armor Level 2  
  173  12:35  Marine x2  
  175  12:40  Command Center  
  175  12:50  Command Center  
  175  12:51  Barracks Tech Lab x2  
  175  12:52  Marine x3  
  175  12:56  Terran Vehicle Weapons Level 2  
  136  13:42  Refinery  
  136  13:45  Barracks  
  136  13:50  Marine x4  
  136  13:51  Marine x4  
  136  13:53  Siege Tank x2  
  150  13:58  Missile Turret  
  150  14:01  Medivac x2  
  150  14:02  Viking  
  156  14:03  Missile Turret  
  156  14:07  Barracks, SCV  
  156  14:08  Marine x5, SCV x2  
  156  14:09  Marine  
  165  14:18  Missile Turret  
  165  14:26  Refinery  
  165  14:34  Barracks  
  149  14:40  Viking x2, Refinery  
  149  14:41  Viking x2  
  149  14:45  Terran Infantry Weapons Level 3  
  148  14:50  Terran Ship Weapons Level 2  
  148  14:56  Orbital Command  
  148  14:58  Orbital Command  
  148  15:10  Marine x6  
  148  15:11  Marine x2  
  156  15:19  Barracks Reactor  
  156  15:23  Viking x2  
  156  15:24  Medivac x2  
  156  15:27  Siege Tank  
  156  15:28  Marine  
  168  15:29  Siege Tank  
  171  15:51  Barracks Reactor  
  171  15:52  Marine x4  
  171  15:53  Marine  
  171  15:56  Missile Turret x2  
  176  15:57  Missile Turret  
  176  15:59  Supply Depot  
  176  16:00  Terran Vehicle And Ship Armor Level 2  
  176  16:01  Supply Depot  
  176  16:05  Marine x3  
  176  16:06  Marine x3  
  176  16:09  Viking x2  
  186  16:18  Missile Turret  
  186  16:36  Viking  
  186  16:37  Viking, Marine x3  
  186  16:38  Marine x6  
  199  17:02  Command Center  
  199  17:06  Terran Vehicle Weapons Level 3  
  199  17:22  Terran Infantry Armor Level 3  
  191  17:38  Viking x4  
  165  18:22  Viking, Marine x5  
  165  18:23  Viking x2  
  171  18:35  Viking  
  156  18:52  Viking  
  156  18:53  Viking  
  158  19:13  Marine x6  
  158  19:14  Siege Tank x2  
  170  19:25  Planetary Fortress  
  170  19:28  Terran Vehicle And Ship Armor Level 3  
  170  19:33  Missile Turret  
  170  19:45  Marine x4  
  171  19:46  Marine x7  
  171  19:47  Marine x2  
  171  19:50  Viking x4  
  191  19:54  Missile Turret  
  191  19:56  Terran Ship Weapons Level 3  
  191  19:59  Hi-Sec Auto Tracking  
  191  20:01  Refinery  
  191  20:02  Refinery  
  191  20:14  Missile Turret  
  191  20:34  Missile Turret  
  175  20:47  Viking  
  175  20:48  Viking x3  
  183  20:55  Missile Turret  
  183  21:00  Starport  
  183  21:01  Starport x2  
  183  21:05  Fusion Core  
  183  21:29  Refinery, Command Center  
  181  21:33  Refinery  
  181  21:34  Missile Turret  
  181  21:35  Missile Turret  
  181  21:41  Starport Tech Lab x3  
  181  21:49  Building Armor  
  181  21:52  Weapon Refit, Missile Turret  
  181  21:56  Missile Turret  
  181  21:57  Missile Turret  
  181  21:59  Missile Turret  
  181  22:18  Viking x5  
  181  22:21  Battlecruiser  
  197  22:23  Viking  
  199  22:35  Behemoth Reactor  
Show
View Real Time Build Order
Export as new Build Order

capac Terran 

Build Orders: MMM Bio 

Get SALT Encoding   

  12  0:01  SCV  
  13  0:13  SCV  
  14  0:18  Supply Depot  
  14  0:25  SCV  
  15  0:39  SCV  
  15  0:42  Barracks  
  16  0:47  Refinery  
  16  0:52  SCV  
  17  1:04  SCV  
  18  1:16  SCV  
  19  1:28  SCV  
  19  1:31  Barracks Reactor  
  20  1:37  Command Center  
  20  1:40  SCV  
  21  1:55  Supply Depot  
  21  1:57  Orbital Command  
  21  2:08  Marine x2  
  23  2:23  SCV  
  23  2:29  Factory  
  24  2:30  Marine  
  24  2:34  Refinery  
  25  2:40  Bunker  
  25  2:41  Marine  
  25  2:43  SCV  
  27  2:50  Marine  
  28  2:54  Orbital Command  
  28  2:55  SCV  
  29  3:07  SCV  
  30  3:17  Starport, Factory Tech Lab  
  30  3:19  SCV  
  31  3:20  SCV  
  31  3:25  Engineering Bay  
  32  3:31  SCV  
  33  3:34  SCV  
  33  3:35  Marine x2  
  36  3:45  Supply Depot  
  36  3:46  Siege Tank  
  39  4:02  Missile Turret  
  39  4:05  Marine x2  
  39  4:08  Starport Reactor  
  41  4:12  Barracks  
  41  4:13  SCV x2  
  43  4:24  Supply Depot  
  43  4:25  SCV x2  
  43  4:30  Missile Turret  
  45  4:32  Marine x2  
  45  4:34  Liberator x2  
  45  4:37  SCV x2  
  49  4:43  Siege Tank  
  58  4:53  Missile Turret  
  58  4:57  SCV x2  
  58  4:58  Marine x2  
  62  5:09  Barracks Tech Lab  
  62  5:11  Barracks  
  62  5:22  Supply Depot  
  62  5:27  Refinery x2  
  62  5:32  Missile Turret  
  62  5:37  SCV x2, Stimpack  
  64  6:05  Missile Turret  
  64  6:10  SCV x2  
  66  6:19  Barracks Reactor  
  66  6:22  Starport  
  66  6:27  Command Center  
  66  6:29  Siege Tank  
  66  6:31  SCV x2  
  71  6:32  Factory  
  71  6:43  SCV, Missile Turret  
  71  6:44  SCV  
  73  6:59  Starport Reactor  
  73  7:05  Siege Tank  
  73  7:07  Medivac  
  78  7:12  Barracks  
  78  7:20  Supply Depot  
  78  7:22  Supply Depot  
  78  7:23  Factory Tech Lab  
  78  7:25  Starport  
  78  7:31  Missile Turret  
  78  7:36  SCV x2  
  78  7:37  Medivac  
  79  7:54  Marine x3  
  79  7:55  Marine x2  
  84  8:04  Liberator x2, SCV x2  
  86  8:12  Marine  
  87  8:13  Missile Turret  
  87  8:20  Medivac x2  
  97  8:31  Missile Turret  
  97  8:36  Orbital Command  
  97  8:42  Marine  
  97  8:43  Marine x3  
  97  8:45  Combat Shields  
  97  8:46  Barracks Reactor  
  101  8:49  Terran Infantry Weapons Level 1  
  101  8:51  Armory  
  101  8:52  Armory  
  101  9:05  Starport Reactor  
  101  9:10  SCV x3  
  101  9:14  Liberator x2  
  104  9:20  Supply Depot, Refinery  
  104  9:21  Marine x3, Liberator  
  104  9:22  Marine x3  
  104  9:23  Marine  
  111  9:25  Liberator  
  117  9:57  SCV  
  117  9:58  SCV x2  
  114  10:09  Marine, SCV  
  114  10:10  Marine x6, SCV x2  
  124  10:14  Liberator x2  
  124  10:16  Supply Depot  
  124  10:18  Supply Depot  
  124  10:20  Supply Depot  
  124  10:22  SCV  
  124  10:23  Supply Depot  
  124  10:24  Supply Depot  
  125  10:31  Marine x2  
  133  10:38  Marine x4, SCV x3  
  133  10:40  Refinery, Liberator  
  133  10:41  Liberator  
  140  10:49  Supply Depot  
  140  10:55  Starport, Fusion Core  
  140  11:01  Command Center  
  146  11:05  Refinery, SCV  
  146  11:06  SCV x2  
  149  11:24  Medivac x3  
  155  11:45  Siege Tank  
  155  11:46  Siege Tank  
  161  11:52  Supply Depot x2  
  161  12:10  Liberator x5  
  161  12:19  Liberator  
  176  12:32  Starport Tech Lab  
  179  13:17  Liberator  
  142  13:32  Marine  
  142  13:33  Marine x6  
  109  13:50  Marine  
  110  14:01  Battlecruiser  
  116  14:09  Terran Ship Weapons Level 1  
  116  14:10  Terran Vehicle And Ship Armor Level 1  
  116  14:16  Starport  
  116  14:27  Command Center  
  100  14:44  Liberator x3  
  100  14:45  Liberator x3  
  100  14:51  Siege Tank  
  100  14:52  Siege Tank  
  106  14:58  Orbital Command  
  124  15:10  Weapon Refit  
  124  15:11  Supply Depot  
  124  15:31  Liberator x4  
  124  15:34  Refinery  
  124  15:38  Marine x5  
  124  15:39  Marine x2  
  143  15:56  Marine  
  144  16:10  Missile Turret  
  144  16:33  Battlecruiser  
  144  16:35  Refinery  
  144  16:37  Advanced Ballistics  
  150  16:47  Liberator x2  
  150  16:55  Planetary Fortress  
  144  17:35  Liberator x4  
  124  18:27  Liberator x2  
  124  18:28  Liberator x3  
  106  18:57  Marine x5  
  106  18:58  Marine x2  
  101  19:15  Marine x2  
  101  19:16  Marine x5  
  108  19:32  Marine  
  108  19:33  Marine x2  
  108  19:34  Marine x4  
  115  19:50  Marine  
  115  19:51  Marine x4  
  115  19:52  Marine x2  
  122  20:00  Command Center  
  122  20:05  Medivac x2  
  126  20:08  Marine  
  126  20:09  Marine x5  
  126  20:10  Marine  
  133  20:26  Marine  
  133  20:27  Marine x6  
  125  20:54  Marine x3  
  125  20:55  Marine x4  
  125  20:56  Medivac x2  
  177  20:57  Medivac  
  138  21:11  Refinery  
  138  21:14  Refinery  
  138  21:44  Liberator  
  138  21:45  Marine x5, Liberator  
  138  21:46  Marine x2  
  145  21:50  Starport Reactor  
  145  22:03  Marine x4  
Tags
 
Composition
MMM Bio
League
GoldGold
Matchup
TvT
Race
Terran
Add a new tag
Caveats
  • Supply blocks, unpowered buildings, or Contaminate may cause inaccurate times.
  • Supply counts are checked every 10 seconds.